 Dungeon Crawl Stone Soup version 0.28-b1-70-g80dc712255 (webtiles) character file.

Game seed: 12539243173760372174

1892 pkoi the Destroyer (level 8, -3/57 HPs)
             Began as a White Draconian Conjurer on Feb 3, 2022.
             Was a Follower of Sif Muna.
             Slain by a wyvern (15 damage)
             ... on level 7 of the Dungeon.
             The game lasted 00:11:56 (10683 turns).

pkoi the Destroyer (White Draconian Conjurer)      Turns: 10683, Time: 00:11:58

Health: -3/57      AC: 10    Str: 10    XL:     8   Next: 93%
Magic:  15/15      EV: 12    Int: 21    God:    Sif Muna [*.....]
Gold:   377        SH:  0    Dex:  9    Spells: 9/16 levels left

rFire   . . .      SeeInvis .   x - +4 falchion of the Trees {drain, rC+ Will++ rCorr Stlth+}
rCold   + + .      Faith    .   (no shield)
rNeg    . . .      Spirit   .   (armour unavailable)
rPois   .          Reflect  .   (helmet restricted)
rElec   .          Harm     .   E - scarf {shadows}
rCorr   +          Rampage  .   B - +2 pair of gloves
Will    ++...                   G - +0 pair of boots
Stlth   ++........              (no amulet)
HPRegen 0.19/turn               (no ring)
MPRegen 0.14/turn               (no ring)

@: mighty, silenced
A: breathe frost, AC +6, unfitting armour, cold resistance 1, cold-blooded
a: Breathe Frost, Renounce Religion


You were on level 7 of the Dungeon.
You worshipped Sif Muna.
Sif Muna was aware of your devotion.
You visited 2 branches of the dungeon, and saw 9 of its levels.

You collected 377 gold pieces.

Inventory:

Hand Weapons
 a - a +0 short sword
 m - a +2 dagger of freezing
 x - the +4 falchion of the Trees (weapon) {drain, rC+ Will++ rCorr Stlth+}
   (You found it on level 6 of the Dungeon)

   A truly terrible weapon, it drains the life of any living foe it strikes.
   rC:        It protects you from cold.
   rCorr:     It protects you from acid and corrosion.
   Will:      It greatly increases your willpower.
   Stlth:     It makes you more stealthy.
Armour
 B - a +2 pair of gloves (worn)
 E - a scarf of shadows (worn)
 G - a +0 pair of boots (worn)
Jewellery
 f - a ring of ice
 l - a ring of see invisible
 t - a ring of wizardry
Wands
 q - a wand of polymorph (9)
 s - a wand of flame (50)
 v - a wand of iceblast (19)
 y - a wand of charming (8)
Scrolls
 e - 3 scrolls of magic mapping {unknown}
 g - 6 scrolls of teleportation {unknown}
 h - 3 scrolls of identify {unknown}
 i - a scroll of torment {unknown}
 k - 3 scrolls of enchant armour {unknown}
 o - a scroll of enchant weapon {unknown}
 p - 2 scrolls of vulnerability {unknown}
 u - a scroll of fear {unknown}
 w - a scroll of immolation {unknown}
 A - 3 scrolls of holy word {unknown}
 F - a scroll of noise {unknown}
Potions
 b - 2 potions of curing
 d - a potion of might
 j - 4 potions of flight {unknown}
 n - 3 potions of heal wounds {unknown}
 r - a potion of berserk rage {unknown}
 z - a potion of haste {unknown}
 C - a potion of mutation {unknown}
 D - a potion of degeneration {unknown}


   Skills:
 - Level 1.7 Dodging
 - Level 1.7 Stealth
 + Level 4.9 Spellcasting
 * Level 9.3 Conjurations
 + Level 4.8 Translocations
 + Level 4.0 Invocations


You had 9 spell levels left.
You knew the following spells:

 Your Spells              Type           Power      Damage    Failure   Level
a - Magic Dart            Conj           100%       1d8       1%          1
b - Searing Ray           Conj           88%        2d7       1%          2
c - Iskenderun's Mystic   Conj/Tloc      34%        2d8       6%          4

Your spell library contained the following spells:

 Spells                   Type           Power      Damage    Failure   Level
 Dazzling Flash           Conj/Hex       48%        N/A       4%          3
 Summon Small Mammal      Summ           20%        N/A       11%         1
 Fulminant Prism          Conj/Hex       12%        3d9       16%         4
 Sublimation of Blood     Necr           5%         N/A       17%         2
 Wereblood                Tmut           5%         N/A       17%         2
 Call Canine Familiar     Summ           5%         N/A       32%         3
 Summon Guardian Golem    Hex/Summ       5%         N/A       32%         3
 Summon Hydra             Summ           2%         N/A       100%        7


Dungeon Overview and Level Annotations

Branches:
Dungeon (8/15)             Temple (1/1) D:4
   Lair: D:8-11

Altars:
Ashenzari
Cheibriados
Dithmenos
Elyvilon
Fedhas
Gozag
Hepliaklqana
Kikubaaqudgha
Makhleb
Nemelex Xobeh
Qazlal
Ru
Sif Muna
Trog
Uskayaw
Vehumet
Xom
Yredelemnul
Zin
The Shining One

Shops:
D:1 *

Annotations:
D:3 1 runed translucent door, Crazy Yiuf


Innate Abilities, Weirdness & Mutations

You can breathe waves of freezing cold which knock back foes.
Your icy white scales are hard. (AC +6)
You cannot fit into any form of body armour.
Your flesh is cold resistant. (rC+)
You are cold-blooded and may be slowed by cold attacks.


Message History

You barely miss the wyvern.
The wyvern bites you but does no damage.
The wyvern misses you.
You completely miss the wyvern. You tail-slap the wyvern.
The wyvern is lightly wounded.
The wyvern bites you but does no damage.
The wyvern bites you.
You barely miss the wyvern.
The wyvern is lightly wounded.
The wyvern bites you. The wyvern bites you!
You closely miss the wyvern.
The wyvern is lightly wounded.
The wyvern bites you! x2
You slash the wyvern!
The wyvern is moderately wounded.
The wyvern bites you.
The wyvern bites you but does no damage.
You completely miss the wyvern.
The wyvern is moderately wounded.
The wyvern closely misses you. x2
Aiming: Breathe Frost (4% risk of failure)
Press: ? - help, Shift-Dir - straight line, f - wyvern
Aim: a wyvern (silenced, moderately wounded, 68% to hit)
You exhale a wave of freezing cold.
The freezing breath hits the wyvern.
The wyvern is heavily wounded.
The wyvern bites you.
* * * LOW HITPOINT WARNING * * *
The wyvern misses you.
It was a potion of curing.
You feel better. The wyvern barely misses you.
It was a potion of might.
You feel very mighty all of a sudden. The wyvern barely misses you.
The wyvern bites you but does no damage.
You hit the wyvern.
The wyvern is severely wounded.
You have got your breath back.
The wyvern bites you!
* * * LOW HITPOINT WARNING * * *
The wyvern bites you!
You die...

#....... #.#.##.# #.#.#...
##########################.#.#..#
...................#....##.#.#..#
.#################.#....##.#....#
.# #.#....##.##.... .# #####
###.#.........<... .#
####...####@................ .#
#..........l........#.#..... .#
###.##...####.##......#......# .#
#.......## #.........###.#.## .#
#.......# #.#...............
.###.......# #.#.#.........#.##
...........#####.#.#...#.###.....
########.......#.................
#.......#...########..#.##


You could see a wyvern.

Vanquished Creatures
  A steam dragon (D:7)
  A water moccasin (D:7)
  A sky beast (D:6)
  A centaur (D:7)
  2 necrophages
  A phantom (D:6)
  A bullfrog (D:7)
  A gnoll sergeant (D:7)
  A scorpion (D:7)
  4 killer bees
  A howler monkey (D:5)
  2 bullfrog zombies
  3 orc priests
  2 hounds
  3 jellies
  A centaur skeleton (D:7)
  Natasha (twice) (D:2 D:1)
  2 iguanas
  5 orc wizards
  Terence (D:1)
  A hound skeleton (D:4)
  2 howler monkey zombies
  2 gnolls (D:7)
  13 adders
  2 white imps
  A worm (D:2)
  2 dart slugs
  9 orcs
  6 endoplasms
  A giant cockroach (D:2)
  2 hobgoblins
  6 kobolds
  4 quokkas
  10 ball pythons
  4 bats
  5 goblins
  7 rats
113 creatures vanquished.

Notes
Turn   | Place    | Note
-------+----------+-------------------------------------------
     0 | D:1      | pkoi the Draconian Conjurer began the quest for the Orb.
     0 | D:1      | Reached XP level 1. HP: 14/14 MP: 3/3
   372 | D:1      | Found Fathrike's General Store.
   481 | D:1      | Reached XP level 2. HP: 20/20 MP: 0/5
   766 | D:1      | Found a faded altar of an unknown god.
  1332 | D:2      | Reached skill level 5 in Conjurations
  1421 | D:2      | Reached XP level 3. HP: 26/26 MP: 3/6
  1557 | D:2      | Noticed Natasha
  1565 | D:2      | Killed Natasha
  1643 | D:2      | Learned a level 2 spell: Searing Ray
  1747 | D:2      | Noticed Terence
  1841 | D:1      | Killed Terence
  1842 | D:1      | Reached XP level 4. HP: 9/33 MP: 0/7
  2259 | D:1      | Learned a level 4 spell: Iskenderun's Mystic Blast
  2272 | D:2      | Noticed Natasha
  2276 | D:1      | Killed Natasha
  2740 | D:3      | Reached skill level 6 in Conjurations
  2755 | D:2      | Reached XP level 5. HP: 29/38 MP: 1/8
  2860 | D:3      | Reached skill level 1 in Translocations
  3839 | D:3      | Found a runed translucent door.
  3840 | D:3      | Noticed Crazy Yiuf
  4509 | D:4      | Noticed a necrophage
  4569 | D:4      | Killed a necrophage
  4570 | D:4      | Reached XP level 6. HP: 38/45 MP: 4/10
  4835 | D:4      | Reached skill level 7 in Conjurations
  5331 | D:4      | Your scales start taking on an icy white colour.
  5331 | D:4      | Reached XP level 7. HP: 50/50 MP: 6/12
  5331 | D:4      | Gained mutation: Your flesh is cold resistant. (rC+) [White
                  | Draconian growth]
  5496 | D:4      | Found a staircase to the Ecumenical Temple.
  5572 | Temple   | Entered the Ecumenical Temple
  6010 | Temple   | Became a worshipper of Sif Muna the Loreminder
  6057 | D:5      | Entered Level 5 of the Dungeon
  6507 | D:5      | Noticed a troll
  6751 | D:5      | Reached skill level 1 in Invocations
  7024 | D:5      | Identified the +3 scale mail of Juked {rElec rN++ rCorr
                  | Dex-3}
  7787 | D:6      | Reached skill level 8 in Conjurations
  7948 | D:6      | Identified the +4 falchion of the Trees {drain, rC+ Will++
                  | rCorr Stlth+}
  8213 | D:6      | Noticed a gargoyle
  8309 | D:6      | Reached XP level 8. HP: 50/57 MP: 5/14
  9076 | D:7      | Reached * piety under Sif Muna
  9661 | D:7      | Reached skill level 9 in Conjurations
 10683 | D:7      | Slain by a wyvern

Illustrated notes

Levels and vault maps discovered:
D:1:      minmay_arrival_stone_box, layout_loops_ring,
          ebering_ecumenical_altar_webs, serial_shops, nicolae_shop_stone
D:2:      layout_rooms, uniq_terence, uniq_natasha
D:3:      cheibrodos_helix_gallery, layout_loops_ring, uniq_crazy_yiuf_cottage
D:4:      layout_rooms, minmay_temple_entry_overgrown
D:5:      layout_rooms
D:6:      layout_rooms, minmay_small_thing
D:7:      layout_basic
D:8:      layout_loops_ring, nicolae_wu_jian_glorious_leap,
          due_lair_maze_entry_diamond, enter_bailey_2, serial_bayou_lagoon_b
Temple:   mainiacjoe_temple_big_plus

Skill      XL: |  1  2  3  4  5  6  7  8 |
---------------+-------------------------+-----
Conjurations   | 5 6 7 8 9 |  9.3
Translocations | 2 3 4 |  4.8
Spellcasting   | 3 4 |  4.9
Invocations    | 2 4 |  4.0
Dodging        | |  1.7
Stealth        | |  1.7

Action                   |  1- 3 |  4- 6 |  7- 9 || total
-------------------------+-------+-------+-------++-------
Melee: Unarmed           |     4 |       |       ||     4
       Tailslap          |     2 |     1 |     2 ||     5
       Short sword       |     7 |    25 |       ||    32
       Dagger            |       |     1 |     7 ||     8
       Falchion          |       |       |    19 ||    19
       Punch             |       |       |     1 ||     1
 Cast: Magic Dart        |    52 |    84 |    65 ||   201
       Searing Ray       |     3 |    13 |    29 ||    45
       Iskenderun's Myst |       |       |     2 ||     2
 Abil: Breathe Frost     |       |       |     2 ||     2
  Use: Potion            |       |       |     2 ||     2
       Scroll            |       |       |     1 ||     1
Armor: Skin              |     3 |    28 |    34 ||    65
Dodge: Dodged            |    13 |    49 |    55 ||   117
